Map: Prion Terraces

Players

ILLBdA - Winner!

  • Race: Protoss Protoss
  • League: Diamond

Blueday

  • Race: Protoss Protoss
  • League: Diamond

VOD

Have the link to the VOD?

Description

Time

  • Played on: Dec. 19, 2015, 6:24 a.m.
  • Length: 3:37
Show
View Real Time Build Order
Export as new Build Order

ILLBdA Protoss - Winner!

Build Orders: Cannon Rush 

Get SALT Encoding   

  12  0:01  Probe (Chrono Boost)  
  13  0:12  Probe (Chrono Boost)  
  14  0:19  Pylon  
  14  0:28  Probe (Chrono Boost)  
  15  0:39  Probe (Chrono Boost)  
  15  0:40  Forge  
  17  0:50  Probe (Chrono Boost)  
  17  1:00  Probe (Chrono Boost)  
  18  1:11  Probe (Chrono Boost)  
  19  1:20  Pylon x2  
  19  1:22  Pylon  
  19  1:24  Probe (Chrono Boost)  
  20  1:39  Photon Cannon  
  20  1:48  Photon Cannon x2  
  20  1:53  Pylon  
  20  1:58  Probe (Chrono Boost)  
  21  2:02  Pylon  
  21  2:08  Probe (Chrono Boost)  
  22  2:19  Probe (Chrono Boost)  
  23  2:25  Gateway  
  23  2:27  Assimilator  
  23  2:29  Photon Cannon  
  24  2:30  Probe (Chrono Boost)  
  24  2:43  Pylon  
  24  2:45  Probe (Chrono Boost)  
  25  2:56  Probe (Chrono Boost)  
  26  3:03  Photon Cannon  
  26  3:04  Pylon  
  26  3:05  Pylon  
  26  3:07  Pylon  
  26  3:16  Cybernetics Core  
  28  3:26  Photon Cannon  
  28  3:27  Pylon  
  28  3:32  Pylon  
Show
View Real Time Build Order
Export as new Build Order

Blueday Protoss 

Build Orders:  

Get SALT Encoding   

  12  0:01  Probe (Chrono Boost)  
  13  0:12  Probe (Chrono Boost)  
  14  0:18  Pylon  
  14  0:22  Probe (Chrono Boost)  
  15  0:36  Probe (Chrono Boost)  
  15  0:39  Gateway  
  16  0:47  Probe (Chrono Boost)  
  16  0:48  Assimilator  
  17  0:52  Assimilator  
  17  0:57  Probe (Chrono Boost)  
  18  1:08  Probe (Chrono Boost)  
  19  1:12  Pylon  
  20  1:18  Probe (Chrono Boost)  
  20  1:29  Probe (Chrono Boost)  
  22  1:40  Probe (Chrono Boost)  
  21  1:50  Probe (Chrono Boost)  
  22  2:01  Probe (Chrono Boost)  
  23  2:07  Nexus  
  23  2:11  Probe (Chrono Boost)  
  23  2:31  Forge  
  22  3:04  Pylon  
  18  3:32  Pylon  
Tags
 
Matchup
PvP
Replay Pack
me
Add a new tag
Caveats
  • Supply blocks, unpowered buildings, or Contaminate may cause inaccurate times.
  • Supply counts are checked every 10 seconds.